Map: [ESL] Hecate

Players

SKillous - Winner!

  • Race: Protoss Protoss
  • League: Diamond
  • Spawn Location: 7:00

Firefly

  • Race: Protoss Protoss
  • League: Master
  • Spawn Location: 1:00

Event: IEM Katowice 2024

VOD

Have the link to the VOD?

Description

Time

  • Played on: Feb. 8, 2024, 10:08 a.m.
  • Length: 6:38

All games in this series

Show
View Real Time Build Order
Export as new Build Order

SKillous Protoss - Winner!

Build Orders: Phoenix Opening 

Get SALT Encoding   

  12  0:00  Probe  
  13  0:12  Probe  
  14  0:17  Pylon  
  14  0:24  Probe  
  15  0:35  Gateway  
  15  0:37  Probe (Chrono Boost)  
  16  0:46  Probe (Chrono Boost)  
  16  0:47  Assimilator  
  17  0:51  Probe (Chrono Boost)  
  17  0:55  Assimilator  
  18  1:03  Probe (Chrono Boost)  
  19  1:08  Gateway  
  19  1:13  Probe (Chrono Boost)  
  19  1:18  Probe (Chrono Boost)  
  20  1:25  Cybernetics Core  
  21  1:30  Probe  
  22  1:35  Pylon  
  22  1:42  Probe  
  23  1:54  Probe  
  23  2:00  Stalker  
  23  2:01  Warp Gate, Stalker  
  28  2:11  Pylon  
  28  2:12  Probe  
  29  2:24  Pylon, Probe  
  30  2:34  Stalker x2  
  34  2:39  Probe  
  35  2:53  Pylon  
  35  2:54  Stargate  
  35  2:56  Probe  
  36  3:05  Pylon  
  35  3:08  Shield Battery  
  35  3:12  Stalker  
  37  3:14  Probe  
  38  3:31  Nexus  
  38  3:37  Phoenix (Chrono Boost)  
  40  3:45  Shield Battery  
  40  3:50  Sentry  
  40  3:54  Phoenix (Chrono Boost)  
  42  4:01  Pylon  
  44  4:06  Probe  
  45  4:13  Stalker  
  47  4:19  Probe  
  47  4:22  Phoenix (Chrono Boost)  
  50  4:29  Zealot  
  53  4:40  Shield Battery  
  53  4:42  Sentry  
  54  4:51  Phoenix (Chrono Boost)  
  56  4:53  Zealot  
  56  4:57  Shield Battery  
  58  5:05  Stalker  
  60  5:19  Gateway  
  60  5:20  Stalker  
  62  5:27  Phoenix (Chrono Boost)  
  65  5:33  Shield Battery  
  64  5:36  Stalker  
  64  5:37  Probe x2  
  68  5:45  Pylon  
  68  5:48  Stalker  
  70  6:04  Stalker  
  70  6:06  Shield Battery  
  70  6:09  Probe  
  73  6:15  Stalker x2  
  73  6:20  Probe  
  73  6:24  Probe (Chrono Boost)  
  73  6:29  Stalker  
Show
View Real Time Build Order
Export as new Build Order

Firefly Protoss 

Build Orders:  

Get SALT Encoding   

  12  0:00  Probe  
  13  0:12  Probe  
  14  0:17  Pylon  
  14  0:24  Probe  
  15  0:35  Gateway  
  15  0:37  Probe (Chrono Boost)  
  16  0:46  Probe (Chrono Boost)  
  16  0:47  Assimilator  
  17  0:51  Probe (Chrono Boost)  
  17  0:55  Assimilator  
  18  1:03  Probe (Chrono Boost)  
  19  1:07  Gateway  
  19  1:15  Probe (Chrono Boost)  
  20  1:20  Probe (Chrono Boost)  
  20  1:25  Cybernetics Core  
  21  1:29  Probe  
  22  1:36  Pylon  
  22  1:42  Probe  
  23  2:01  Warp Gate, Adept x2  
  27  2:09  Robotics Facility  
  27  2:12  Pylon  
  27  2:31  Stalker x2  
  31  2:54  Warp Prism (Chrono Boost), Shield Battery  
  33  3:01  Sentry  
  35  3:09  Gateway  
  35  3:12  Pylon  
  35  3:26  Immortal (Chrono Boost)  
  39  3:50  Adept x2  
  43  3:56  Pylon  
  43  4:00  Observer  
  44  4:11  Stalker  
  46  4:21  Stalker x2  
  46  4:42  Stalker  
  46  4:44  Stalker x2  
  52  4:53  Pylon  
  52  5:05  Stalker  
  54  5:12  Stalker x2  
  58  5:26  Pylon  
  58  5:30  Sentry  
  60  5:36  Stalker  
  62  5:49  Stalker  
  64  5:54  Stalker  
  54  6:21  Stalker x3  

Tags
 
Add a new tag
Caveats
  • Supply blocks, unpowered buildings, or Contaminate may cause inaccurate times.
  • Supply counts are checked every 10 seconds.